 Dungeon Crawl Stone Soup version 0.30-a0-373-gd37427bb62 (webtiles) character file.

Game seed: 12430071276024730113

126 NinjaNoafa the Ruffian (level 4, -8/44 HPs)
             Began as a Troll Fighter on Nov 23, 2022.
             Mangled by Crazy Yiuf
             ... wielding a +3 quarterstaff of chaos
              (25 damage)
             ... on level 2 of the Dungeon.
             The game lasted 00:03:25 (1365 turns).

NinjaNoafa the Ruffian (Troll Fighter)              Turns: 1365, Time: 00:03:26

Health: -8/44      AC:  5    Str: 26      XL:     4   Next: 83%
Magic:  3/3        EV:  8    Int:  1 (4)  God:
Gold:   146        SH:  0    Dex:  9      Spells: 3/3 levels left

rFire   . . .      SeeInvis .      - Unarmed
rCold   . . .      Faith    .    b - +0 kite shield
rNeg    . . .      Spirit   .    a - +0 robe
rPois   .          Reflect  .    (helmet restricted)
rElec   .          Harm     .    i - +0 cloak
rCorr   .          Rampage  .    (gloves unavailable)
Will    .....                    (boots unavailable)
Stlth   +.........               (no amulet)
HPRegen 1.07/turn                (no ring)
MPRegen 0.08/turn                (no ring)

@: confused, ambrosia-drunk
A: large, unfitting armour, claws 3, regeneration 1, shaggy fur 1, tough skin 1
a: no special abilities


You were on level 2 of the Dungeon.
You visited 1 branch of the dungeon, and saw 2 of its levels.

You collected 146 gold pieces.

Inventory:

Missiles
 e - 19 stones
 l - 2 boomerangs (quivered)
Armour
 a - a +0 robe (worn)
 b - a +0 kite shield (worn)
 i - a +0 cloak (worn)
Wands
 c - a wand of digging (1)
Scrolls
 d - a scroll of noise {unknown}
 f - 2 scrolls of identify {unknown}
 h - 3 scrolls of butterflies {unknown}
 j - a scroll of enchant weapon {unknown}
 k - a scroll of fear {unknown}
Potions
 g - a potion of heal wounds {unknown}
 m - a potion of ambrosia


   Skills:
 - Level 2.4 Fighting
 - Level 2.4 Dodging
 - Level 2.6 Shields
 + Level 5.1 Unarmed Combat


You had 3 spell levels left.
You didn't know any spells.
Your spell library was empty.

Dungeon Overview and Level Annotations

Branches:
Dungeon (2/15)

Altars:

Annotations:
D:2 Crazy Yiuf


Innate Abilities, Weirdness & Mutations

You are too large for most types of armour.
You have claws for hands.
Your natural rate of healing is unusually fast.
You are covered in fur. (AC +1)
You have tough skin. (AC +1)


Message History

HP restored.
Crazy Yiuf shouts!
Crazy Yiuf says, "You sing turtle!"
You open the door.
Crazy Yiuf yells, "Nubble!"
Crazy Yiuf hits you with a +3 quarterstaff of chaos!
You are poisoned.
There is an open translucent door here.
You scratch Crazy Yiuf but do no damage.
You feel sick.
Crazy Yiuf grits, "Orb ragdoll stair!"
Crazy Yiuf hits you with a +3 quarterstaff of chaos!
Crazy Yiuf freezes you.
You scratch Crazy Yiuf.
Crazy Yiuf is moderately wounded.
You feel sick.
Crazy Yiuf hits you with a +3 quarterstaff of chaos!
* * * LOW HITPOINT WARNING * * *
Crazy Yiuf freezes you.
* * * LOW HITPOINT WARNING * * *
It was a potion of ambrosia.
You are confused.
You feel invigorated.
You feel sick. Crazy Yiuf closely misses you.
You feel sick.
You bump into the tree.
You feel sick. Crazy Yiuf barely misses you.
You're too confused to move!
You feel sick.
Crazy Yiuf hits you with a +3 quarterstaff of chaos.
Crazy Yiuf freezes you.
You bump into the stone wall.
You feel sick.
You are no longer poisoned.
Crazy Yiuf says, "Blight forty-two sanguine!"
Crazy Yiuf hits you with a +3 quarterstaff of chaos.
You bump into the tree.
Crazy Yiuf screams, "Papa Xom sanguine!"
Crazy Yiuf barely misses you.
You're too confused to move!
Crazy Yiuf hits you with a +3 quarterstaff of chaos!
Space warps horribly around you!!
Ouch! That really hurt!
You die...

#.......# #####...#
#...# ##### #...#
#)..# #...# #...#
##### #...# #g# ###
♣@♣♣ #.## ♣♣.♣
##.## ♣.♣♣ ##.#
♣♣.♣ ##. ♣♣.♣♣ ##
♣♣.P.♣ ############
♣P..P♣ #.........##
#....# #...........
#....###........)..


You could see Crazy Yiuf.

Vanquished Creatures
  Jessica (D:2)
  Robin (D:2)
  4 gnolls
  2 adders (D:2)
  2 ball pythons
  3 bats (D:2)
  2 endoplasms (D:1)
  2 giant cockroaches
  9 goblins
  4 hobgoblins (D:2)
  2 kobolds
  5 rats
37 creatures vanquished.

Notes
Turn   | Place    | Note
-------+----------+-------------------------------------------
     0 | D:1      | NinjaNoafa the Troll Fighter began the quest for the Orb.
     0 | D:1      | Reached XP level 1. HP: 22/22 MP: 0/0
   463 | D:1      | Reached XP level 2. HP: 27/29 MP: 1/1
   525 | D:2      | Noticed Jessica
   533 | D:2      | Killed Jessica
   534 | D:2      | Reached skill level 3 in Unarmed Combat
   534 | D:2      | Reached XP level 3. HP: 33/36 MP: 2/2
   668 | D:2      | Noticed Robin
   684 | D:2      | Reached skill level 4 in Unarmed Combat
   698 | D:2      | Killed Robin
   700 | D:2      | Reached XP level 4. HP: 17/44 MP: 3/3
  1144 | D:2      | Reached skill level 5 in Unarmed Combat
  1188 | D:2      | Identified the +7 dagger of Sloth {spect, Str+2 Dex+3}
  1194 | D:2      | Identified the +2 robe of Wrong Decisions {Harm Str+2
                  | Slay-4}
  1246 | D:2      | Found a runed translucent door.
  1247 | D:2      | Noticed Crazy Yiuf
  1365 | D:2      | Mangled by Crazy Yiuf

Illustrated notes

Levels and vault maps discovered:
D:1:      amcnicky_arrival_single_pillar, layout_basic
D:2:      layout_basic, uniq_robin, uniq_jessica, uniq_crazy_yiuf_cottage

Skill      XL: |  1  2  3  4 |
---------------+-------------+-----
Unarmed Combat | 3 4 5 |  5.1
Fighting       | |  2.4
Dodging        | |  2.4
Shields        | |  2.6

Action                   |  1- 3 |  4- 6 || total
-------------------------+-------+-------++-------
Melee: Unarmed           |    64 |    36 ||   100
Throw: Boomerang         |     7 |       ||     7
  Use: Potion            |     5 |     1 ||     6
Armor: Robe              |    51 |    12 ||    63
Dodge: Dodged            |    50 |    19 ||    69
Block: Kite shield       |    52 |    15 ||    67

Table legend: (Time is in decaauts)
 A = Elapsed time spent in this place.
 B = Non-inter-level travel time spent in this place.
 C = Inter-level travel time spent in this place.
 D = Time resting spent in this place.
 E = Time spent auto-exploring this place.
 F = Levels seen in this place.
 G = Mean time per level.
                   A        B        C        D        E       F      G
               +--------+--------+--------+--------+--------+-----+--------+
         Total |   1376 |   1273 |    103 |      0 |    921 |   2 |  688.0 |
       Dungeon |   1376 |   1273 |    103 |      0 |    921 |   2 |  688.0 |
               +--------+--------+--------+--------+--------+-----+--------+

Top non-repeatable levels by time:
     D:2: 743 daAuts
     D:1: 632 daAuts
